 Dungeon Crawl Stone Soup version 0.32-a0-22-g6ae6769602 (webtiles) character file.

Game seed: 17312259523516896162

33 AmazonPaysMe the Shield-Bearer (level 3, -2/33 HPs)
             Began as a Minotaur Fighter on Jan 18, 2024.
             Killed from afar by an orc wizard (6 damage)
             ... with a puff of flame
             ... on level 2 of the Dungeon.
             The game lasted 00:04:39 (855 turns).

AmazonPaysMe the Shield-Bearer (Minotaur Fighter)    Turns: 855, Time: 00:04:40

Health: -2/33      AC:  7    Str: 22    XL:     3   Next: 12%
Magic:  2/2        EV:  9    Int:  5    God:
Gold:   38         SH:  4    Dex:  9    Spells: 2/2 levels left

rFire   . . .        a - +0 long sword
rCold   . . .        c - +0 buckler
rNeg    . . .        b - +0 scale mail
rPois   .            (helmet restricted)
rElec   .            (no cloak)
rCorr   .            (no gloves)
SInv    .            (no boots)
Will    .....        (no amulet) Stlth
                     (no ring)
HPRegen 0.25/turn    (no ring)
MPRegen 0.08/turn

%: no passive effects
@: no status effects
A: horns 2, retaliatory headbutt
a: no special abilities


You were on level 2 of the Dungeon.
You visited 1 branch of the dungeon, and saw 2 of its levels.

You collected 38 gold pieces.

Inventory:

Hand Weapons
 a - a +0 long sword (weapon)
Missiles
 j - 3 javelins
Armour
 b - a +0 scale mail (worn)
 c - a +0 buckler (worn)
Scrolls
 e - a scroll of identify (quivered) {unknown}
 f - a scroll of enchant weapon {unknown}
 h - a scroll of blinking {unknown}
 i - a scroll of torment {unknown}
Potions
 d - a potion of might
 g - a potion of lignification {unknown}


   Skills:
 + Level 4.1 Fighting
 + Level 2.9 Long Blades
 + Level 4.0 Armour
 + Level 4.1 Shields


You had 2 spell levels left.
You didn't know any spells.
Your spell library was empty.

Dungeon Overview and Level Annotations

Branches:
Dungeon (2/15)

Altars:


Innate Abilities, Weirdness & Mutations

You have a pair of horns on your head.
You reflexively headbutt those who attack you in melee.


Message History

You miss something. Your headbutt misses something. Something hits you.
You bump into the rock wall.
Something hits you but does no damage.
You miss something. Something hits you. x2
You bump into the rock wall.
You feel less confused. Something hits you.
You hit something. Your headbutt misses something.
You hear some strange, mumbled words.
You are confused.
You miss something. Your headbutt misses something.
Something hits you but does no damage.
You bump into the rock wall.
You hear some strange, mumbled words.
You are more confused.
Okay, then.
Unknown command.
You miss something. Something hits you but does no damage.
You hear some strange, mumbled words.
A magic dart appears from out of thin air!
The magic dart hits you.
* * * LOW HITPOINT WARNING * * *
Something hits you but does no damage. Something hits you but does no damage.
You're too confused to move!
You hear some strange, mumbled words.
A puff of flame appears from out of thin air!
The puff of flame misses you. Something hits you but does no damage.
You bump into the rock wall.
Something completely misses you.
You feel less confused. Something hits you.
* * * LOW HITPOINT WARNING * * *
You hear some strange, mumbled words.
A puff of flame appears from out of thin air!
The puff of flame hits you.
* * * LOW HITPOINT WARNING * * *
A puff of flame appears from out of thin air!
The puff of flame hits you.
You die...

#.# #.#######
#.#.@...# ##
#.#.###.# .
#.#.# . #.#{# .#
#.#.# ####.#
#<#.####....###.
#...............
########.).####.
#...))....#


There were no monsters in sight!

Vanquished Creatures
  A gnoll (D:1)
  3 orcs (D:2)
  An endoplasm (D:1)
  A giant cockroach (D:1)
  3 goblins
  A quokka (D:1)
  A ball python (D:2)
  A bat (D:1)
  A frilled lizard (D:1)
  7 kobolds (D:1)
  A rat (D:1)
21 creatures vanquished.

Notes
Turn   | Place    | Note
-------+----------+-------------------------------------------
     0 | D:1      | AmazonPaysMe the Minotaur Fighter began the quest for the
                  | Orb.
     0 | D:1      | Reached XP level 1. HP: 19/19 MP: 0/0
   213 | D:1      | Reached XP level 2. HP: 20/27 MP: 1/1
   825 | D:2      | Reached XP level 3. HP: 28/33 MP: 2/2
   855 | D:2      | Killed from afar by an orc wizard

Illustrated notes

Levels and vault maps discovered:
D:1:      psy_arrival_conway, layout_basic
D:2:      minmay_kobold_bridge, layout_loops_ring, serial_undead,
          serial_undead_f, serial_undead_d, serial_undead_c, serial_undead_a,
          basic_altar

Skill      XL: |  1  2 |
---------------+-------+-----
Shields        | 4 |  4.1
Fighting       | 4 |  4.1
Armour         | 4 |  4.0
Long Blades    | |  2.9

Action                     || total
---------------------------++-------
  Melee: Long sword        ||    53
         Headbutt          ||     6
 Armour: Scale mail        ||    55
  Dodge: Dodged            ||    20
  Block: Buckler           ||     9

Table legend: (Time is in decaauts)
 A = Elapsed time spent in this place.
 B = Non-inter-level travel time spent in this place.
 C = Inter-level travel time spent in this place.
 D = Time resting spent in this place.
 E = Time spent auto-exploring this place.
 F = Levels seen in this place.
 G = Mean time per level.
                   A        B        C        D        E       F      G
               +--------+--------+--------+--------+--------+-----+--------+
         Total |    875 |    847 |     28 |     27 |    663 |   2 |  437.5 |
       Dungeon |    875 |    847 |     28 |     27 |    663 |   2 |  437.5 |
               +--------+--------+--------+--------+--------+-----+--------+

Top non-repeatable levels by time:
     D:1: 823 daAuts
     D:2: 51 daAuts
